 Dungeon Crawl Stone Soup version 0.31-a0-187-gba352fbbf7 (webtiles) character file.

Game seed: 11371314123596407699

46 qw the Shooter (level 3, -1/20 HPs)
             Began as a Deep Elf Hunter on June 22, 2023.
             Succumbed to Sigmund's poison
             ... on level 3 of the Dungeon.
             The game lasted 00:00:30 (1502 turns).

qw the Shooter (Deep Elf Hunter)                    Turns: 1502, Time: 00:00:31

Health: -1/20      AC:  4    Str: 10    XL:     3   Next: 44%
Magic:  5/5        EV: 12    Int: 13    God:
Gold:   101        SH:  0    Dex: 20    Spells: 2/2 levels left

rFire   . . .        Y - +0 shortbow
rCold   . . .        (shield currently unavailable)
rNeg    . . .        c - +0 leather armour
rPois   .            (no helmet)
rElec   .            g - +0 cloak "Erushaul" {Dex+2}
rCorr   .            (no gloves)
SInv    .            (no boots)
Will    .....        (no amulet)
Stlth   ++           (no ring)
HPRegen 0.23/turn    (no ring)
MPRegen 0.09/turn

%: no passive effects
@: lethally poisoned (-1 -> -7), weak-willed
A: no striking features
a: no special abilities


You were on level 3 of the Dungeon.
You visited 1 branch of the dungeon, and saw 3 of its levels.

You collected 101 gold pieces.


   Skills:
 - Level 1.5 Fighting
 + Level 7.0 Ranged Weapons
 - Level 2.4 Dodging
 - Level 1.2 Stealth


You had 2 spell levels left.
You didn't know any spells.
Your spell library was empty.

Inventory:

Hand Weapons
 Y - a +0 shortbow (weapon)
Armour
 c - a +0 leather armour (worn)
 g - the +0 cloak "Erushaul" (worn) {Dex+2}
   (You acquired it on level 2 of the Dungeon)

   Dex:       It affects your dexterity (+2).
Scrolls
 a - a scroll of identify
Potions
 b - a potion of haste
 e - a potion of enlightenment {unknown}
 f - a potion of degeneration {unknown}

Dungeon Overview and Level Annotations

Branches:
Dungeon (3/15)

Altars:
Nemelex Xobeh

Portals:
Sewer: D:3

Annotations:
D:3 Robin, Sigmund


Message History

A goblin comes into view. It is wielding a +0 dagger.
You shoot an arrow. The goblin shouts! x2
The arrow hits Sigmund.
Sigmund is heavily wounded.
A goblin comes into view. It is wielding a +0 dagger of speed.
A hobgoblin comes into view.
A goblin comes into view. It is wielding a +0 club.
You shoot an arrow. The goblin shouts! x2
The arrow hits Sigmund.
Sigmund is heavily wounded.
Sigmund casts a spell at you.
You are confused.
A goblin comes into view. It is wielding a +0 club.
The goblin shouts!
Robin of the Strong Arm comes into view.
They are wielding a +0 mace.
Sigmund hits you from afar with a +3 scythe of venom.
You are poisoned.
You feel very sick.
Robin shouts!
Robin throws the goblin at you!
You feel sick.
Sigmund drinks a potion.
Sigmund is healed!
Robin roars a battlecry!
The goblins go into a battle-frenzy!
The goblin hits you but does no damage.
A hobgoblin comes into view.
1500 ||| DRINKING potion of curing.
You feel better.
1500 ||| (to cure confusion) Sigmund hits you from afar with a +3 scythe of venom!
Ouch! That really hurt!
You are lethally poisoned!
A goblin comes into view. It is wielding a +0 dagger.
You shoot an arrow. The arrow hits the goblin.
The goblin is heavily wounded.
You feel very sick. Robin throws the goblin at you! Sigmund barely misses you.
The goblin hits you with a +0 dagger. The goblin completely misses you.
You shoot an arrow. The arrow hits the goblin!
You kill the goblin!
You die...

#.#..# #.#..#
#.#..# # #.#..# #
...#.##.#..#.#.#.
.................
...h#.##%#<...#.#.
..g.#g##g######
.gggg@g@........
gg#####)..#####.
.g#SSB#..##
.g#~SB#..#
..#~\~#..#
..#~~~#..#
#.#~~~#..#
#.##+##.##


You could see Sigmund, Robin, 3 adders, 2 giant cockroaches, 3 hobgoblins and 8
goblins.

Vanquished Creatures
  An adder (D:2)
  2 worms (D:2)
  3 ball pythons
  4 endoplasms (D:1)
  A giant cockroach (D:2)
  4 goblins
  4 hobgoblins
  2 quokkas
  2 bats (D:2)
  2 frilled lizards (D:2)
  3 kobolds
  4 rats
32 creatures vanquished.

Notes
Turn   | Place    | Note
-------+----------+-------------------------------------------
     0 | D:1      | qw the Deep Elf Hunter began the quest for the Orb.
     0 | D:1      | Reached XP level 1. HP: 12/12 MP: 3/3
     0 | D:1      | 0 ||| qw: Version: 0.3-a-9-g12657ce
     0 | D:1      | 0 ||| qw: Game counter: 1967
     0 | D:1      | 0 ||| qw: Always use a shield: true
     0 | D:1      | 0 ||| qw: God list: Okawaru
     0 | D:1      | 0 ||| qw: Allow faded altars: false
     0 | D:1      | 0 ||| qw: Do Orc after D:15 true
     0 | D:1      | 0 ||| qw: Do second Lair branch before Depths: true
     0 | D:1      | 0 ||| qw: Lair rune preference: random
     0 | D:1      | 0 ||| qw: Plans: Normal
     0 | D:1      | 0 ||| PLANNING D:1-11
   157 | D:1      | 157 ||| READING scroll labelled DUNGAO HAULETE.
   158 | D:1      | 158 ||| DROPPING scroll of butterflies.
   169 | D:1      | Reached XP level 2. HP: 16/16 MP: 4/4
   269 | D:1      | Reached skill level 6 in Ranged Weapons
   766 | D:1      | 766 ||| UPGRADING to +0 cloak.
   821 | D:2      | Found a sparkling altar of Nemelex Xobeh.
   996 | D:2      | 996 ||| READING scroll labelled NOLUF TODOSEEFOACU.
   996 | D:2      | Identified a scroll of acquirement
   996 | D:2      | 996 ||| ACQUIRING +0 cloak "Erushaul" {Dex+2}
   996 | D:2      | Acquired the +0 cloak "Erushaul" {Dex+2}
  1001 | D:2      | 1001 ||| UPGRADING to +0 cloak "Erushaul" {Dex+2}.
  1011 | D:2      | 1011 ||| DROPPING +0 cloak.
  1020 | D:2      | Reached XP level 3. HP: 20/20 MP: 5/5
  1162 | D:2      | Reached skill level 7 in Ranged Weapons
  1474 | D:2      | 1474 ||| READING scroll labelled REROUKO XEUF.
  1475 | D:2      | 1475 ||| READING 3 scrolls of identify.
  1475 | D:2      | 1475 ||| IDENTIFYING coppery potion
  1476 | D:2      | 1476 ||| READING 2 scrolls of identify.
  1476 | D:2      | 1476 ||| IDENTIFYING lumpy yellow potion
  1477 | D:2      | 1477 ||| DROPPING potion of lignification.
  1484 | D:3      | 1484 ||| PLANNING SEWER
  1487 | D:3      | Found a glowing drain.
  1492 | D:3      | 1492 ||| READING scroll labelled BEPIAH MOPSU.
  1493 | D:3      | Noticed Sigmund
  1497 | D:3      | Noticed Robin
  1500 | D:3      | 1500 ||| DRINKING potion of curing.
  1500 | D:3      | 1500 ||| (to cure confusion)
  1500 | D:3      | HP: 5/20 [Sigmund/+3 scythe of venom (12)]
  1501 | D:3      | HP: 2/20 [poisoned by Sigmund]
  1502 | D:3      | Succumbed to Sigmund's poison

Levels and vault maps discovered:
D:1:      lightli_arrival_farm, layout_basic, minmay_misc_feat_four_crosses,
          chequers_serial_rivers_micro_a, serial_bayou_ford_a
D:2:      layout_loops_cross, basic_altar, serial_bayou_pond_b,
          due_unseen_surprise
D:3:      layout_basic, gup_sewer_entry_glass, uniq_sigmund, uniq_robin,
          uniq_jessica

Skill      XL: |  1  2  3 |
---------------+----------+-----
Ranged Weapons | 6 7 |  7.0
Fighting       | |  1.5
Dodging        | |  2.4
Stealth        | |  1.2

Action                     || total
---------------------------++-------
   Fire: Shortbow          ||    91
    Use: Scroll            ||     6
         Potion            ||     1
 Armour: Leather armour    ||    12
  Dodge: Dodged            ||    13

Table legend:
 A = Non-vault XP
 B = Vault XP
 C = Vault XP percentage of total XP
 D = Non-vault monster count
 E = Vault monster count
 F = Vault count percentage of total count
                 A         B        C        D         E       F
            +---------+---------+-------+---------+---------+-------
      Total |      52 |      16 |  23.5 |      27 |       5 |  15.6
            +---------+---------+-------+---------+---------+-------
        D:1 |      21 |       0 |   0.0 |      12 |       0 |   0.0
        D:2 |      29 |      14 |  32.6 |      13 |       4 |  23.5
        D:3 |       2 |       2 |  50.0 |       2 |       1 |  33.3
            +---------+---------+-------+---------+---------+-------
